 Dungeon Crawl Stone Soup version 0.18.1-8-gdd0e5ea (webtiles) character file.

5 M4edhros the Grave Robber (level 1, -1/11 HPs)
             Began as an Octopode Necromancer on May 27, 2016.
             Slain by an adder (5 damage)
             ... on level 2 of the Dungeon.
             The game lasted 00:00:57 (328 turns).

M4edhros the Grave Robber (Octopode Necromancer)     Turns: 328, Time: 00:00:58

Health: -1/11      AC:  1    Str:  7    XL:     1   Next: 80%
Magic:  3/3        EV: 12    Int: 17    God:
Gold:   17         SH:  0    Dex: 12    Spells: 2 memorised, 2 levels left

rFire  . . .     SeeInvis .       - Unarmed
rCold  . . .     Gourm    .     (no shield)
rNeg   . . .     Faith    .     (helmet restricted)
rPois  .         Spirit   .     (no amulet)
rElec  .         Dismiss  .     (no ring)
rCorr  .         Reflect  .     (no ring)
SustAt .         Harm     .     (no ring)
MR     .....                    (no ring)
Stlth  +++.......               (no ring)
                                (no ring)
                                (no ring)
                                (no ring)

@: not resistant to hostile enchantments, fairly stealthy
A: almost no armour, amphibious, 8 rings, constrict 8, camouflage 1, gelatinous
body 1
a: no special abilities


You were on level 2 of the Dungeon.
You were not hungry.

You visited 1 branch of the dungeon, and saw 2 of its levels.

You collected 17 gold pieces.

Inventory:

Missiles
 c - 39 stones (quivered)
Scrolls
 i - a scroll of enchant armour {unknown}
 j - a scroll of recharging {unknown}
 l - a scroll of noise {unknown}
 m - a scroll of teleportation {unknown}
Potions
 k - a potion of agility {unknown}
Books
 a - a book of Necromancy

   Spells                             Type                      Level
   a - Pain                           Necromancy                   1
   b - Animate Skeleton               Necromancy                   1
   c - Vampiric Draining              Necromancy                   3
   d - Regeneration                   Charms/Necromancy            3
   e - Animate Dead                   Necromancy                   4
   f - Control Undead                 Necromancy                   4
Comestibles
 b - a bread ration
 d - a beef jerky
 f - 3 chunks of flesh
 g - a slice of pizza
 h - a royal jelly


   Skills:
 - Level 2.0 Dodging
 - Level 2.6 Stealth
 + Level 1.3 Unarmed Combat
 - Level 2.0 Spellcasting
 - Level 4.0 Necromancy


You had 2 spell levels left.
You knew the following spells:

 Your Spells              Type           Power        Failure   Level  Hunger
a - Pain                  Necr           ###.         3%          1    #......
b - Animate Skeleton      Necr           N/A          3%          1    #......


Dungeon Overview and Level Annotations

Branches:
Dungeon (2/15)

Altars:


Innate Abilities, Weirdness & Mutations

You cannot wear most types of armour.
You are amphibious.
You can wear up to eight rings at the same time.
You can use your tentacles to constrict eight enemies at once.
Your skin changes colour to match your surroundings (Stealth).
Your rubbery body absorbs attacks (AC +1).


Message History

You are lethally poisoned!
The adder poisons you! The adder closely misses you.
You tentacle-slap the adder. Your squeeze misses the adder.
The adder is lightly wounded.
You constrict the adder.
You feel sick. The adder bites you.
Drink which item? (? for menu, Esc to quit)
It was a potion of curing.
You feel better.
You constrict the adder. The adder barely misses you.
You barely miss the adder.
The adder is moderately wounded.
You constrict the adder. The adder bites you. The adder completely misses you.
You completely miss the adder.
The adder is moderately wounded.
You constrict the adder. The adder bites you.
Unknown command.
You tentacle-slap the adder.
You squeeze the adder, but do no damage.
The adder is heavily wounded.
You constrict the adder. The adder bites you.
You die...

## .. ##. #...
#....#########
#....S@......#
############.# #.# #.#
#.#
######################.#
.......................#
######################.#
###


You could see an adder.

Vanquished Creatures
  2 hobgoblins (D:1)
  A kobold (D:2)
  A giant newt (D:1)
  A rat (D:1)
5 creatures vanquished.

Notes
Turn   | Place    | Note
--------------------------------------------------------------
     0 | D:1      | M4edhros the Octopode Necromancer began the quest for the Orb.
     0 | D:1      | Reached XP level 1. HP: 11/11 MP: 3/3
    97 | D:1      | Learned a level 1 spell: Animate Skeleton
   184 | D:1      | Reached skill level 1 in Unarmed Combat
   328 | D:2      | Slain by an adder

Skill      XL: |  1 |
---------------+----+-----
Unarmed Combat | 1 |  1.3
Dodging        | |  2.0
Stealth        | |  2.6
Spellcasting   | |  2.0
Necromancy     | |  4.0

Action                   || total
-------------------------++-------
Melee: Unarmed           ||    10
       Constrict         ||     3
       Tentacles         ||     2
 Cast: Pain              ||     2
       Animate Skeleton  ||     2
  Use: Potion            ||     1
Dodge: Dodged            ||     4
